 Dungeon Crawl Stone Soup version 0.30.1-4-g462c640d31 (webtiles) character file.

Game seed: 5197832540059886964

109 flappity the Vexing (level 5, -1/31 HPs)
             Began as a Kobold Hexslinger on Aug 16, 2023.
             Slain by Grinder (5 damage)
             ... on level 3 of the Dungeon.
             The game lasted 00:08:24 (1903 turns).

flappity the Vexing (Kobold Hexslinger)             Turns: 1903, Time: 00:08:25

Health: -1/31      AC:  4    Str:  4 (7)  XL:     5   Next: 13%
Magic:  7/8        EV: 16    Int: 12 (14) God:
Gold:   36         SH:  0    Dex: 19 (21) Spells: 5/8 levels left

rFire   . . .        b - +2 spear (flame)
rCold   + . .        (no shield)
rNeg    . . .        c - +0 robe
rPois   .            (no helmet)
rElec   .            f - +1 cloak
rCorr   .            (no gloves)
SInv    .            (no boots)
Will    .....        (no amulet)
Stlth   +++          d - ring "Cikolu" {rC+ Dex+3}
HPRegen 0.25/turn    (no ring)
MPRegen 0.11/turn

%: no passive effects
@: no status effects
A: small, no large weapons, nightstalker 3
a: no special abilities


You were on level 3 of the Dungeon.
You visited 1 branch of the dungeon, and saw 3 of its levels.

You collected 56 gold pieces.
You spent 20 gold pieces at shops.


Innate Abilities, Weirdness & Mutations

You are small and have problems with some larger weapons.
You are completely attuned to the shadows.


   Skills:
 + Level 2.4 Fighting
 - Level 3.3 Ranged Weapons
 + Level 3.3 Dodging
 * Level 2.3 Spellcasting
 + Level 3.5 Hexes
 + Level 0.6 Translocations


You had 5 spell levels left.
You knew the following spells:

 Your Spells              Type           Power      Damage    Failure   Level
b - Blink                 Tloc           4%         N/A       30%         2
s - Slow                  Hex            36%        N/A       6%          1

Your spell library contained the following spells:

 Spells                   Type           Power      Damage    Failure   Level
 Lesser Beckoning         Tloc           4%         N/A       30%         2
 Portal Projectile        Hex/Tloc       12%        N/A       32%         3
 Momentum Strike          Conj/Tloc      4%         3d8       34%         2
 Inner Flame              Hex/Fire       5%         N/A       36%         3
 Cause Fear               Hex            4%         N/A       52%         4

Inventory:

Hand Weapons
 a - a +1 sling
 b - a +2 spear of flaming (weapon)
   (You found it on level 2 of the Dungeon)
 l - a +0 dagger
Armour
 c - a +0 robe (worn)
 f - a +1 cloak (worn)
Jewellery
 d - the ring "Cikolu" (left hand) {rC+ Dex+3}
   (You acquired it on level 3 of the Dungeon)

   [ring of protection from cold]

   Dex:       It affects your dexterity (+3).
   rC:        It protects you from cold.
Scrolls
 e - a scroll of enchant armour
 i - 3 scrolls of identify
 j - a scroll of poison
 m - a scroll of blinking {unknown}
Potions
 g - a potion of magic
 h - a potion of degeneration
 k - 2 potions of invisibility {unknown}


Message History

Grinder gestures at you. Pain shoots through your body!
You take 4 damage.
You barely miss Grinder.
Grinder is heavily wounded.
Grinder barely misses you.
Cast which spell? (? or * to list)
You don't know that spell.
Cast which spell? (? or * to list)
Aiming: Slow (safe; 5% risk of failure)
Press: ? - help, Shift-Dir - straight line, f/p - Grinder
Aim: Grinder (heavily wounded, chance to affect: 45%) Grinder seems to slow down.
You hit Grinder. You burn Grinder.
Grinder is heavily wounded.
Grinder closely misses you.
You hit Grinder. You burn Grinder.
Grinder is heavily wounded.
Grinder says, "Tell me all your secrets, or I'll kill you."
Grinder gestures at you.
You suddenly lose the ability to move!
You can move again.
You hit Grinder. You burn Grinder.
Grinder is severely wounded.
Grinder hits you.
You writhe in agony.
You take 7 damage.
You are too injured to fight recklessly!
You are too injured to fight recklessly!
You are too injured to fight recklessly!
You are too injured to fight recklessly!
You barely miss Grinder.
Grinder is severely wounded.
Grinder barely misses you.
You hit Grinder but do no damage.
Grinder is severely wounded.
You hit Grinder. You burn Grinder.
Grinder is severely wounded.
Grinder hits you.
You writhe in agony.
You take 7 damage.
You hit Grinder. You burn Grinder.
Grinder is severely wounded.
Grinder barely misses you.
You closely miss Grinder.
Grinder is severely wounded.
It was a potion of degeneration.
There was something very wrong with that liquid.
You feel weakened.
You feel dopey.
You feel clumsy.
Grinder says, "Mostly I couldn't keep them alive."
Grinder hits you!
You writhe in agony.
You die...

∙∙▒ ▒∙∙∙∙∙∙∙∙∙∙∙∙▒ ▒▒▒▒∙∙∙∙
∙▒▒ ▒∙∙∙∙∙∙∙∙∙∙▒∙▒▒∙∙∙∙∙∙▒▒
∙▒ ▒∙∙∙∙∙∙∙∙∙∙∙∙∙∙ ▒▒▒▒<▒
∙▒
▒▒▒▒∙∙∙∙∙∙∙<∙∙▒∙▒▒▒▒▒▒▒∙▒
∙▒
▒▒∙∙∙∙∙∙∙∙∙∙∙∙∙∙∙∙∙∙∙∙∙∙∙▒
▒▒▒▒▒
▒∙∙▒▒▒▒▒▒▒▒∙▒▒▒▒▒▒▒▒▒∙▒∙∙∙∙
∙∙∙∙▒▒▒∙▒▒ ▒∙∙∙∙∙∙∙ ▒$∙∙▒▒▒
∙∙∙∙∙∙∙∙▒ ▒∙∙∙∙∙∙∙ ▒∙∙∙∙
∙∙∙∙▒▒▒▒▒ ▒∙K∙∙∙∙∙ ▒∙▒▒▒▒
∙∙∙∙▒ ▒∙5∙∙∙∙∙ ▒▒▒▒▒
▒∙∙∙∙∙∙∙ ▒∙∙∙∙∙∙ ▒∙∙∙∙∙∙


You could see Grinder (slow).

Vanquished Creatures
  An orc wizard (D:3)
  2 worms (D:2)
  5 dart slugs
  6 bats
  4 endoplasms
  2 giant cockroaches
  2 goblins (D:1)
  6 hobgoblins
  2 jackals (D:2)
  2 quokkas (D:1)
  8 ball pythons
  3 frilled lizards
  7 kobolds
  4 rats
54 creatures vanquished.

Vanquished Creatures (collateral kills)
  An adder (D:3)
  2 orcs (D:3)
3 creatures vanquished.

Grand Total: 57 creatures vanquished

Notes
Turn   | Place    | Note
-------+----------+-------------------------------------------
     0 | D:1      | flappity the Kobold Hexslinger began the quest for the Orb.
     0 | D:1      | Reached XP level 1. HP: 12/12 MP: 2/2
   134 | D:1      | Reached XP level 2. HP: 16/16 MP: 3/3
   318 | D:1      | Reached skill level 3 in Ranged Weapons
   334 | D:1      | HP: 4/16 [kobold/+0 dagger (2)]
   470 | D:1      | Reached XP level 3. HP: 13/20 MP: 1/5
  1195 | D:2      | Reached skill level 3 in Dodging
  1248 | D:2      | Reached skill level 2 in Fighting
  1265 | D:2      | Reached XP level 4. HP: 14/26 MP: 1/6
  1410 | D:2      | Learned a level 2 spell: Blink
  1507 | D:2      | Found Noggeoq's General Store.
  1523 | D:2      | Bought a scroll of identify for 20 gold pieces
  1622 | D:2      | Reached skill level 2 in Spellcasting
  1714 | D:2      | You fall into a shaft and drop 1 floor!
  1743 | D:3      | Identified a scroll of acquirement
  1743 | D:3      | Acquired the ring "Cikolu" {rC+ Dex+3}
  1798 | D:3      | Reached XP level 5. HP: 30/31 MP: 6/8
  1809 | D:3      | Noticed Natasha
  1870 | D:3      | Noticed Grinder
  1895 | D:3      | Paralysed by Grinder for 2 turns
  1903 | D:3      | HP: 4/31 [Grinder (7)]
  1903 | D:3      | Slain by Grinder

Levels and vault maps discovered:
D:1:      lightli_arrival_statue_moat, layout_basic
D:2:      layout_rooms, serial_shops, nicolae_shop_crystal, basic_altar,
          minmay_misc_feat_more_columns
D:3:      layout_rooms, portal_sewer_entry_e, hellmonk_no_cap, uniq_natasha,
          uniq_grinder

Action                     |  1- 3 |  4- 6 || total
---------------------------+-------+-------++-------
  Melee: Spear             |       |    36 ||    36
   Fire: Sling             |   115 |    28 ||   143
   Cast: Slow              |     6 |     7 ||    13
    Use: Scroll            |       |     7 ||     7
         Potion            |       |     1 ||     1
   Stab: Sleeping          |       |     1 ||     1
 Armour: Robe              |     7 |     1 ||     8
  Dodge: Dodged            |    73 |    21 ||    94
